 Dungeon Crawl Stone Soup version 0.20-a0-641-g673355a (webtiles) character file.

2760 shpingle the Gouger (level 9, -5/42 HPs)
             Began as a Felid Transmuter on Feb 13, 2017.
             Was a Believer of Dithmenos.
             Slain by Buffagor's ghost (22 damage)
             ... on level 8 of the Dungeon.
             The game lasted 01:03:46 (10682 turns).

shpingle the Gouger (Felid Transmuter)             Turns: 10682, Time: 01:03:47

Health: -5/42      AC:  6    Str:  6    XL:     9   Next: 41%
Magic:  15/16      EV: 15    Int: 18    God:    Dithmenos [**....]
Gold:   316        SH:  0    Dex: 16    Spells: 9/16 levels left
                                        Lives:  0   Deaths: 2

rFire    . . .     SeeInvis +     - Unarmed
rCold    + + +     Gourm    .   (armour unavailable)
rNeg     . . .     Faith    .   (shield unavailable)
rPois    +         Spirit   .   (helmet unavailable)
rElec    .         Reflect  .   (cloak unavailable)
rCorr    .         Harm     .   (gloves unavailable)
MR       +++..     Rnd*Rage +   (boots unavailable)
Stlth    +++.......             (no amulet)
Regen    0.2/turn               n - ring of protection from magic
MPRegen  0.2/turn               j - ring of protection from fire

@: ice-form, wreathed by umbra
A: no armour, no weapons or thrown items, stealth, (claws 0), (fangs 0), see
invisible, berserk 1, carnivore 3, (speed 0), magic resistance 1, mutation
resistance 1, (shaggy fur 0), slow metabolism 1, (sharp paws)
a: End Transformation, Shadow Step, Renounce Religion


You were on level 8 of the Dungeon.
You worshipped Dithmenos.
Dithmenos was pleased with you.
You were full.
You were a creature of crystalline ice.
You visited 2 branches of the dungeon, and saw 11 of its levels.

You collected 316 gold pieces.

Inventory:

Missiles
 a - 105 arrows
Jewellery
 f - an uncursed ring of positive energy
 j - a ring of protection from fire (left front paw)
 n - a ring of protection from magic (right front paw)
 y - an uncursed ring of protection from cold
Wands
 B - a wand of polymorph (10/24)
Scrolls
 o - 4 scrolls of remove curse
 u - 2 scrolls of teleportation
 x - a scroll of amnesia
 A - a scroll of enchant weapon {unknown}
 C - a scroll of fear {unknown}
Potions
 d - 2 potions of lignification
 g - 5 potions of heal wounds
 h - 2 potions of agility
 i - 4 potions of degeneration {unknown}
 m - 2 potions of flight
 p - a potion of brilliance
 q - 2 potions of magic
 t - a potion of might
Books
 b - a book of Changes

   Spells                             Type                      Level
   a - Beastly Appendage              Transmutation                1
   b - Sticks to Snakes               Transmutation                2
   c - Spider Form                    Transmutation/Poison         3
   d - Ice Form                       Ice/Transmutation            4
   e - Blade Hands                    Transmutation                5
 z - a book of Maledictions

   Spells                             Type                      Level
   a - Corona                         Hexes                        1
   b - Ensorcelled Hibernation        Hexes/Ice                    2
   c - Confuse                        Hexes                        3
   d - Tukima's Dance                 Hexes                        3
   e - Dazzling Spray                 Conjuration/Hexes            3
Comestibles
 c - 3 meat rations
 w - a royal jelly


   Skills:
 - Level 1.0 Fighting
 + Level 8.3 Dodging
 - Level 3.3 Stealth
 * Level 9.3 Unarmed Combat
 - Level 4.3 Spellcasting
 + Level 7.1 Transmutations
 + Level 4.4 Ice Magic


You had 9 spell levels left.
You knew the following spells:

 Your Spells              Type           Power        Failure   Level  Hunger
a - Beastly Appendage     Tmut           ####..       1%          1    None
b - Sticks to Snakes      Tmut           ####....     1%          2    ##.....
c - Ice Form              Ice/Tmut       ###.....     17%         4    ####...


Dungeon Overview and Level Annotations

Branches:
Dungeon (10/15)            Temple (1/1) D:4
   Lair: D:8-11         Orc: D:9-12

Altars:
Ashenzari
Cheibriados
Dithmenos
Elyvilon
Fedhas
Gozag
Hepliaklqana
Kikubaaqudgha
Makhleb
Nemelex Xobeh
Okawaru
Qazlal
Ru
Sif Muna
Trog
Uskayaw
Vehumet
Xom
Yredelemnul
Zin
The Shining One

Annotations:
D:3 Terence; blank1's ghost, amateur DsGl
D:6 exclusion: oklob plant
D:8 Buffagor's ghost, novice TrMo


Innate Abilities, Weirdness & Mutations

You cannot wear armour.
You are incapable of wielding weapons or throwing items.
Your paws allow you to move quietly. (Stealth)
((You have sharp claws.))
((You have razor-sharp teeth.))
You have supernaturally acute eyesight. (SInv)
You are carnivorous and can eat meat at any time.
((You cover ground quickly.))
((Your thick and shaggy fur keeps you warm. (AC +3, rC+)))
You have a slow metabolism.
((Your sharp claws are effective at attacking unaware monsters.))
You tend to lose your temper in combat.
You are resistant to hostile enchantments. (MR+)
You are somewhat resistant to further mutation.


Message History

You completely miss Buffagor's ghost.
Buffagor's ghost is lightly damaged.
You punch Buffagor's ghost! You freeze Buffagor's ghost.
Buffagor's ghost is moderately damaged.
Buffagor's ghost barely misses you.
You punch Buffagor's ghost! You freeze Buffagor's ghost.
Buffagor's ghost is moderately damaged.
Buffagor's ghost misses you.
You hit Buffagor's ghost. You freeze Buffagor's ghost.
Buffagor's ghost is heavily damaged.
Buffagor's ghost hits you.
You hit Buffagor's ghost. You freeze Buffagor's ghost.
Buffagor's ghost is heavily damaged.
Buffagor's ghost hits you!
* * * LOW HITPOINT WARNING * * *
You see here a scroll of teleportation.
Buffagor's ghost says, "They say chivalry is dead.
Well, so am I."
Buffagor's ghost hits you!!
Ouch! That really hurt!
You die... ██████ ███████████

█..... █..........
█..... █..........
█..... █..........
█..... █..........
█..... █..........
█.....█████..........
█.....>......Y████'
█...........W.█
█.............█
█..........♪..█
████.............█
.................█
.................█
.................█
.................█
.........


You could see Buffagor's ghost.

Vanquished Creatures
  An unseen horror (D:8)
  Psyche (D:9)
  Sigmund (D:3)
  A yak (D:9)
  A hungry ghost (D:9)
  An orc warrior (D:10)
  2 ice beasts
  2 sky beasts
  A necrophage (D:5)
  A phantom (D:4)
  An ogre (D:7)
  4 centaurs
  2 bullfrogs
  2 scorpions
  6 howler monkeys
  2 crimson imps
  2 hounds
  3 jellies (D:6)
  A quasit (D:9)
  Crazy Yiuf (D:7)
  4 orc priests
  A bullfrog skeleton (D:5)
  6 orc wizards
  5 worker ants
  A hound zombie (D:5)
  2 worker ant zombies
  A gnoll (D:8)
  9 adders
  A shadow imp (D:9)
  5 oozes
  3 worms (D:2)
  A dart slug (D:1)
  6 leopard geckos
  10 orcs
  2 ball pythons
  7 giant cockroaches
  6 goblins
  4 hobgoblins
  14 jackals
  5 kobolds
  3 quokkas
  3 bats
  6 frilled lizards
  9 rats
150 creatures vanquished.

Vanquished Creatures (collateral kills)
  A hound (D:4)
  An orc priest (D:4)
  2 orcs
  A hobgoblin (D:2)
  A frilled lizard (D:2)
  A kobold (D:2)
7 creatures vanquished.

Vanquished Creatures (others)
  A bullfrog (D:7)
  6 fungi (D:6)
7 creatures vanquished.

Grand Total: 164 creatures vanquished

Notes
Turn   | Place    | Note
-------+----------+-------------------------------------------
     0 | D:1      | shpingle the Felid Transmuter began the quest for the Orb.
     0 | D:1      | Reached XP level 1. HP: 9/9 MP: 4/4
   241 | D:1      | Reached XP level 2. HP: 4/12 MP: 4/6
   638 | D:1      | Reached skill level 3 in Dodging
  1307 | D:2      | Learned a level 2 spell: Sticks to Snakes
  1468 | D:2      | Reached XP level 3. HP: 9/15 MP: 5/7
  2227 | D:2      | Reached skill level 4 in Unarmed Combat
  2325 | D:2      | Reached XP level 4. HP: 19/19 MP: 6/8
  2571 | D:2      | Learned a level 4 spell: Ice Form
  2794 | D:3      | Noticed blank1's ghost (amateur DsGl)
  3036 | D:3      | Noticed Terence
  3048 | D:3      | Reached skill level 3 in Transmutations
  3379 | D:4      | Noticed a phantom
  3520 | D:3      | Noticed Sigmund
  3525 | D:3      | Killed Sigmund
  3525 | D:3      | Reached skill level 3 in Stealth
  3525 | D:3      | Reached XP level 5. HP: 22/22 MP: 9/9
  3525 | D:3      | Gained mutation: You are covered in thick fur. (AC +2) [Felid growth]
  3525 | D:3      | Reached XP level 6. HP: 25/25 MP: 10/10
  3683 | D:4      | Found a burning altar of Makhleb.
  4002 | D:4      | Reached skill level 5 in Unarmed Combat
  4109 | D:4      | Found a staircase to the Ecumenical Temple.
  4118 | Temple   | Entered the Ecumenical Temple
  4408 | Temple   | Became a worshipper of Dithmenos the Shadowed
  5064 | D:4      | Reached XP level 7. HP: 5/28 MP: 7/11
  5414 | D:5      | Entered Level 5 of the Dungeon
  5501 | D:5      | Found a shattered altar of Ashenzari.
  6057 | D:5      | Reached skill level 6 in Unarmed Combat
  7056 | D:5      | Slain by a centaur
  7057 | D:5      | Reached XP level 6. HP: -4/24 MP: 10/10
  7094 | D:5      | Reached skill level 3 in Ice Magic
  7094 | D:5      | Reached XP level 7. HP: 4/28 MP: 11/11
  8039 | D:8      | Reached * piety under Dithmenos
  8220 | D:7      | Reached skill level 6 in Dodging
  8355 | D:7      | Found a runed door.
  8359 | D:7      | Noticed Crazy Yiuf
  8363 | D:7      | Killed Crazy Yiuf
  8409 | D:7      | Reached skill level 7 in Unarmed Combat
  8708 | D:6      | Reached XP level 8. HP: 32/32 MP: 7/13
  8711 | D:6      | Gained mutation: You are dopey. (Int -2) [mutagenic meat]
  8712 | D:6      | Gained mutation: Your muscles are strong. (Str +2) [mutagenic meat]
  8713 | D:6      | Gained mutation: Your spells are a little easier to cast, but a little less powerful. [mutagenic meat]
  8714 | D:6      | Lost mutation: Your muscles are strong. (Str +2) [mutagenic meat]
  8715 | D:6      | Gained mutation: You are resistant to hostile enchantments. (MR+) [mutagenic meat]
  8716 | D:6      | Gained mutation: You tend to lose your temper in combat. [mutagenic meat]
  8875 | D:6      | Slain by a wyvern zombie
  8876 | D:6      | Reached XP level 7. HP: -3/28 MP: 12/12
  8927 | D:6      | Noticed an oklob plant
  8930 | D:6      | Reached skill level 3 in Spellcasting
  9088 | D:8      | Noticed Buffagor's ghost (novice TrMo)
  9283 | D:8      | Noticed an unseen horror
  9293 | D:8      | Killed an unseen horror
  9293 | D:8      | Reached skill level 8 in Unarmed Combat
  9293 | D:8      | Reached skill level 6 in Transmutations
  9293 | D:8      | Reached XP level 8. HP: 32/32 MP: 13/15
  9589 | D:9      | Noticed Psyche
  9597 | D:10     | Entered Level 10 of the Dungeon
  9881 | D:9      | Killed Psyche
 10008 | D:9      | Reached XP level 9. HP: 35/35 MP: 12/16
 10041 | D:9      | Lost mutation: You are dopey. (Int -2) [potion of mutation]
 10041 | D:9      | Lost mutation: Your spells are a little easier to cast, but a little less powerful. [potion of mutation]
 10041 | D:9      | Gained mutation: Your thick and shaggy fur keeps you warm. (AC +3, rC+) [potion of mutation]
 10041 | D:9      | Gained mutation: You are somewhat resistant to further mutation. [potion of mutation]
 10077 | D:9      | Reached ** piety under Dithmenos
 10301 | D:9      | Reached skill level 9 in Unarmed Combat
 10682 | D:8      | Slain by Buffagor's ghost

Vault maps used:
D:1:      dpeg_arrival_boxes_within_box, serial_forest,
          infiniplex_forest_straight_1, infiniplex_forest_clump_medium,
          infiniplex_forest_lined_corner, infiniplex_forest_lined_room_,
          infiniplex_forest_corner_2, infiniplex_forest_clump_double,
          minivault_11, minmay_misc_feat_room
D:3:      uniq_terence, uniq_sigmund
D:4:      minmay_temple_entry_large_hall, first_bread,
          minmay_misc_feat_nine_boxes, bloody_makhleb
D:5:      cheibrodos_ashenzari_chains
D:6:      lemuel_slime, gup_sewer_entry_glass
D:7:      lemuel_another_geyser, uniq_crazy_yiuf_cottage
D:9:      uniq_psyche
D:10:     david_lair_shrubbed, orc_0_dummy, serial_shops, shop_coins,
          basic_altar, uniq_grum, uniq_urug
Temple:   regret_index_temple_chain_breaker

Skill      XL: |  1  2  3  4  5  6  7  8  9 |
---------------+----------------------------+-----
Dodging        | 3 4 7 8 |  8.3
Stealth        | 1 3 |  3.3
Unarmed Combat | 4 5 8 9 |  9.3
Transmutations | 3 5 6 7 |  7.1
Ice Magic      | 1 3 4 |  4.4
Spellcasting   | 4 |  4.3
Fighting       | |  1.0

Action                   |  1- 3 |  4- 6 |  7- 9 || total
-------------------------+-------+-------+-------++-------
Melee: Unarmed           |   107 |   140 |   349 ||   596
       Headbutt          |     8 |    16 |    27 ||    51
       Bite              |    10 |    10 |    20 ||    40
       Punch             |     2 |     3 |     5 ||    10
 Cast: Beastly Appendage |    22 |    31 |    54 ||   107
       Sticks to Snakes  |     1 |     9 |     2 ||    12
       Ice Form          |       |       |    12 ||    12
 Abil: End Transformatio |       |       |     1 ||     1
  Use: Scroll            |     1 |     2 |    10 ||    13
       Potion            |       |     1 |     4 ||     5
 Stab: Sleeping          |     6 |     7 |    19 ||    32
       Distracted        |       |     1 |     2 ||     3
  Eat: Chunk             |     9 |     4 |    32 ||    45
Armor: Skin              |     6 |     4 |    25 ||    35
Dodge: Dodged            |    67 |    97 |   245 ||   409
